 Dungeon Crawl Stone Soup version 0.24.0-28-g17ded55e90 (webtiles) character file.

Game seed: 2783389718686800707, levelgen mode: deterministic

1410 Delamore the Cleaver (level 8, -1/64 HPs)
             Began as a Hill Orc Fighter on Nov 11, 2019.
             Was a Follower of Okawaru.
             Slain by an orc warrior
             ... wielding a +0 dire flail
              (5 damage)
             ... on level 6 of the Dungeon.
             The game lasted 00:11:32 (6608 turns).

Delamore the Cleaver (Hill Orc Fighter)             Turns: 6608, Time: 00:11:32

Health: -1/64      AC:  8    Str: 28 (29) XL:     8   Next: 70%
Magic:  8/8        EV:  7    Int:  6 (8)  God:    Okawaru [*.....]
Gold:   284        SH: 10    Dex:  9 (11) Spells: 7/7 levels left

rFire    + + .     SeeInvis .   p - +2 falchion "Teket" {slice, rF+ rC++ Str+8 Dex-3} (curse)
rCold    + + .     Gourm    +   c - +0 shield
rNeg     . . .     Faith    .   b - +0 scale mail
rPois    .         Spirit   .   v - +0 helmet
rElec    .         Reflect  .   (no cloak)
rCorr    .         Harm     .   (no gloves)
MR       .....                  (no boots)
Stlth    ..........             k - amulet of the gourmand
HPRegen  0.20/turn              y - +4 ring of dexterity
MPRegen  0.11/turn              s - ring of protection from fire

@: invisible
A: no striking features
a: Heroism, Renounce Religion


You were on level 6 of the Dungeon.
You worshipped Okawaru.
Okawaru was aware of your devotion.
You were not hungry.

You visited 1 branch of the dungeon, and saw 6 of its levels.

You collected 389 gold pieces.
You spent 105 gold pieces at shops.

Inventory:

Hand Weapons
 a - a +0 war axe
 p - the cursed +2 falchion "Teket" (weapon) {slice, rF+ rC++ Str+8 Dex-3}
   (You found it on level 4 of the Dungeon)

   It inflicts extra damage upon your enemies.
   It affects your strength (+8).
   It affects your dexterity (-3).
   It protects you from fire.
   It greatly protects you from cold.
   It has a curse placed upon it.
Missiles
 x - 4 boomerangs of dispersal (quivered)
Armour
 b - a +0 scale mail (worn)
 c - a +0 shield (worn)
 v - a +0 helmet (worn)
 w - a +0 plate armour
Jewellery
 h - a +2 ring of evasion
 i - a +4 ring of intelligence
 k - an amulet of the gourmand (around neck)
 l - a +6 ring of intelligence
 m - an uncursed amulet of harm
 s - a ring of protection from fire (right hand)
 y - a +4 ring of dexterity (left hand)
Scrolls
 g - 2 scrolls of remove curse
 j - 3 scrolls of magic mapping
 n - 2 scrolls of noise
 q - a scroll of enchant armour
 r - a scroll of teleportation
 t - a scroll of blinking
 z - 2 scrolls of identify
Potions
 d - 2 potions of might
 e - a potion of degeneration
 o - 2 potions of agility
 u - a potion of magic
Comestibles
 f - 5 rations


   Skills:
 - Level 3.6 Fighting
 + Level 8.5 Long Blades
 - Level 9.3 Axes
 - Level 3.2 Armour
 - Level 3.2 Shields


You had 7 spell levels left.
You didn't know any spells.
Your spell library was empty.

Dungeon Overview and Level Annotations

Branches:
Dungeon (6/15)             Temple (0/1) D:4

Altars:
Dithmenos
Elyvilon
Makhleb
Okawaru
Trog
Yredelemnul
The Shining One

Shops:
D:5 ?:


Message History

The orc warrior hits you with a +0 dire flail!
The orc priest calls down the wrath of Beogh upon you.
Pain shoots through your body!
Your shield prevents you from hitting the orc priest.
You block the orc warrior's attack.
The orc priest hits you with a +0 trident.
You slash the orc priest!
The orc priest is almost dead.
The orc warrior hits you with a +0 dire flail!
* * * LOW HITPOINT WARNING * * *
You block the orc priest's attack.
You slash the orc priest!
You kill the orc priest!
Okawaru accepts your kill.
The orc warrior hits you with a +0 dire flail!
* * * LOW HITPOINT WARNING * * *
It was a potion of invisibility.
You fade into invisibility!
The orc warrior hits you with a +0 dire flail.
You die...

##.......# #........#
##...# #........##......
#........#.......
##..................
#######...................
..........................
#########.###....)........
.## ### #...@#...o....
..## ##..o##....... ...##
#..#)........ ....#
#..#......... ....##
#..#...#.##.. .....#
#..#....... ....##
#..#..#..... ...##
#..#..#...#.. ####
#..#...#### .


You could see an orc warrior.

Vanquished Creatures
  Grinder (D:4)
  Sigmund (D:5)
  A hungry ghost (D:2)
  Menkaure (D:4)
  An ogre (D:4)
  A scorpion (D:4)
  2 hounds (D:5)
  4 orc wizards
  2 orc priests
  An iguana (D:5)
  6 worker ants
  5 adders
  8 gnolls (D:5)
  2 river rats (D:3)
  A shadow imp (D:5)
  An ooze (D:4)
  An adder skeleton (D:5)
  An adder zombie (D:5)
  4 worms (D:2)
  7 dart slugs
  7 leopard geckos
  14 orcs
  7 giant cockroaches
  7 goblins
  11 hobgoblins
  8 jackals
  2 quokkas (D:4)
  2 ball pythons (D:5)
  A ball python zombie (D:5)
  8 bats
  A frilled lizard (D:1)
  A giant cockroach zombie (D:5)
  A jackal skeleton (D:6)
  6 kobolds
  10 rats
137 creatures vanquished.

Vanquished Creatures (others)
  A goblin (D:3)
  A frilled lizard (D:3)
2 creatures vanquished.

Grand Total: 139 creatures vanquished

Notes
Turn   | Place    | Note
-------+----------+-------------------------------------------
     0 | D:1      | Delamore the Hill Orc Fighter began the quest for the Orb.
     0 | D:1      | Reached XP level 1. HP: 19/19 MP: 1/1
    39 | D:1      | Reached skill level 3 in Axes
    70 | D:1      | Reached XP level 2. HP: 26/26 MP: 2/2
   156 | D:1      | Reached skill level 4 in Axes
   275 | D:1      | Reached XP level 3. HP: 31/31 MP: 3/3
   855 | D:2      | Reached skill level 5 in Axes
  1080 | D:2      | Noticed a hungry ghost
  1086 | D:2      | Reached XP level 4. HP: 35/39 MP: 4/4
  1114 | D:2      | Paralysed by fainting for 8 turns
  1131 | D:2      | Killed a hungry ghost
  1131 | D:2      | Reached skill level 7 in Axes
  1131 | D:2      | Reached XP level 5. HP: 18/45 MP: 5/5
  1637 | D:2      | Found a shadowy altar of Dithmenos.
  2215 | D:3      | Found a burning altar of Makhleb.
  2216 | D:3      | Found a glowing golden altar of the Shining One.
  2217 | D:3      | Found a basalt altar of Yredelemnul.
  2217 | D:3      | Found a bloodstained altar of Trog.
  2223 | D:3      | Reached skill level 8 in Axes
  2224 | D:3      | Reached XP level 6. HP: 51/51 MP: 6/6
  2633 | D:3      | Reached skill level 9 in Axes
  3268 | D:3      | Found a white marble altar of Elyvilon.
  3695 | D:4      | Found an iron altar of Okawaru.
  3702 | D:4      | Got a slimy falchion
  3704 | D:4      | Became a worshipper of Warmaster Okawaru
  3711 | D:4      | Identified the cursed +2 falchion "Teket" {slice, rF+ rC++
                  | Str+8 Dex-3} (You found it on level 4 of the Dungeon)
  3784 | D:4      | Found a staircase to the Ecumenical Temple.
  3785 | D:4      | Noticed Menkaure
  3797 | D:4      | Killed Menkaure
  3797 | D:4      | Reached XP level 7. HP: 28/57 MP: 7/7
  5124 | D:4      | Reached skill level 5 in Long Blades
  5287 | D:5      | Entered Level 5 of the Dungeon
  5313 | D:5      | Noticed Sigmund
  5443 | D:5      | Killed Sigmund
  5443 | D:5      | Reached * piety under Okawaru
  5443 | D:5      | Reached XP level 8. HP: 54/64 MP: 8/8
  5802 | D:5      | Noticed Grinder
  5802 | D:5      | Paralysed by Grinder for 7 turns
  5816 | D:5      | Paralysed by Grinder for 6 turns
  5824 | D:5      | Found Sodaz's Magic Scroll Boutique.
  5869 | D:5      | Paralysed by Grinder for 6 turns
  5886 | D:4      | Paralysed by Grinder for 6 turns
  5903 | D:4      | Killed Grinder
  6315 | D:5      | Found Watuod's Book Shoppe.
  6326 | D:5      | Bought a scroll of magic mapping for 49 gold pieces
  6326 | D:5      | Bought a scroll of identify for 28 gold pieces
  6326 | D:5      | Bought a scroll of identify for 28 gold pieces
  6608 | D:6      | Slain by an orc warrior

Levels and vault maps discovered:
D:1:      lightli_iron_boxes, layout_basic
D:2:      layout_basic, grunt_dithmenos_smoke_and_mirrors, minmay_octomino_j4
D:3:      layout_basic, elyvilon_altar_4,
          chequers_temple_overflow_statue_of_worship, gup_sewer_entry_spiral
D:4:      layout_basic, minmay_temple_entry_statues_fountains, corner_web_ring,
          okawaru_ov_weapons_minmay, uniq_menkaure, uniq_robin
D:5:      layout_cave_pools, serial_shops, shop, first_ration,
          serial_gnoll_camp, gnoll_camp_mini_loothouse,
          gnoll_camp_mini_doghouse, gnoll_camp_mini_shop, gnoll_camp_mini_hut,
          uniq_sigmund, uniq_grinder
D:6:      layout_cave_pods, serial_column_ruins, column_ruins_hut_ruined,
          column_ruins_hut, column_ruins_corridor_straight,
          column_ruins_open_tiny, column_ruins_corridor_T, column_ruins_grid_1

Skill      XL: |  1  2  3  4  5  6  7  8 |
---------------+-------------------------+-----
Axes           | 3 4 5 7 8 9 |  9.3
Long Blades    | 2 6 8 |  8.5
Fighting       | |  3.6
Armour         | |  3.2
Shields        | |  3.2

Action                   |  1- 3 |  4- 6 |  7- 9 || total
-------------------------+-------+-------+-------++-------
Melee: War axe           |    87 |   189 |       ||   276
       Falchion          |       |     8 |   234 ||   242
  Use: Potion            |     1 |     2 |     4 ||     7
       Scroll            |       |     6 |     1 ||     7
 Stab: Distracted        |     1 |       |       ||     1
  Eat: Chunk             |     1 |     9 |    12 ||    22
       Ration            |       |     2 |       ||     2
Armor: Scale mail        |    45 |    70 |    66 ||   181
Dodge: Dodged            |    41 |    71 |    88 ||   200
Block: Shield            |    44 |    88 |   106 ||   238
       Rpst.: Falchion   |       |       |    26 ||    26
